 Dungeon Crawl Stone Soup version 0.17-a0-1-g1f4be75 (webtiles) character file.

700 vatarom the Magician (level 7, -9/57 HPs)
             Began as a Red Draconian Transmuter on Mar 8, 2015.
             Was a Believer of Jiyva.
             Killed from afar by vatarom's ghost (19 damage)
             ... with a bolt of negative energy
             ... on level 5 of the Dungeon.
             The game lasted 00:12:56 (5256 turns).

vatarom the Magician (Red Draconian Transmuter)     Turns: 5256, Time: 00:12:56

Health: -9/57      AC:  6    Str: 11    XL:     7   Next: 38%
Magic:  18/18      EV: 12    Int: 15    God:    Jiyva [**....]
Gold:   252        SH:  0    Dex: 13    Spells: 4 memorised, 6 levels left

rFire  + . .     SeeInvis .       - Unarmed
rCold  . . .     Clarity  .     (armour unavailable)
rNeg   . . .     SustAb   .     (no shield)
rPois  .         Gourm    .     (helmet restricted)
rElec  .         Spirit   .     (no cloak)
rCorr  .         Warding  .     (no gloves)
rMut   .         Stasis   .     (no boots)
MR     .....                    (no amulet)
Stlth  ..........               (no ring)
                                e - ring of loudness

@: heavily drained, not resistant to hostile enchantments, extremely unstealthy
A: breathe fire, unfitting armour, hooves 1, fire resistance 1, spit poison 1,
cold-blooded, AC +6
a: Spit Poison, Breathe Fire, Request Jelly, Jelly Paralyse, Renounce Religion


You were on level 5 of the Dungeon.
You worshipped Jiyva.
Jiyva was pleased with you.
You were not hungry.

You visited 2 branches of the dungeon, and saw 7 of its levels.

You collected 252 gold pieces.

Inventory:

Missiles
 b - 117 arrows
Jewellery
 e - a ring of loudness (left hand)
Magical devices
 m - a wand of digging (14)
Scrolls
 f - 7 scrolls of identify
Potions
 l - a potion of ambrosia
Books
 d - a book of Changes

   Spells                             Type                      Level
   a - Beastly Appendage              Transmutation                1
   b - Sticks to Snakes               Transmutation                2
   c - Spider Form                    Transmutation/Poison         3
   d - Ice Form                       Ice/Transmutation            4
   e - Blade Hands                    Transmutation                5
Comestibles
 g - 2 beef jerkies
 h - a slice of pizza
 i - a meat ration


   Skills:
 - Level 3.1(1.7) Fighting
 - Level 4.0(2.5) Dodging
 - Level 3.0(1.6) Unarmed Combat
 - Level 5.1(3.7) Spellcasting
 + Level 4.2(2.7) Transmutations


You had 6 spell levels left.
You knew the following spells:

 Your Spells              Type           Power        Failure   Level  Hunger
a - Beastly Appendage     Trmt           ##....       8%          1    None
b - Sticks to Snakes      Trmt           ##........   12%         2    ##.....
c - Spider Form           Trmt/Pois      #.........   34%         3    ###....
d - Ice Form              Ice/Trmt       #.......     93%         4    ####...


Dungeon Overview and Level Annotations

Branches:
Dungeon (6/15)             Temple (1/1) D:4

Altars:
Ashenzari
Cheibriados
Elyvilon
Gozag
Kikubaaqudgha
Nemelex Xobeh
Qazlal
Sif Muna
Xom
Zin
The Shining One
Jiyva

Annotations:
D:5 vatarom's ghost, experienced DrTm


Innate Abilities, Weirdness & Mutations

You can breathe blasts of fire.
Your fiery red scales are hard (AC +6).
Your body does not fit into most forms of armour.
Your flesh is heat resistant.
Your cold-blooded metabolism reacts poorly to cold.
You have large cloven feet.
You can spit poison.


Message History

An adder comes into view.
There are monsters nearby!
There are monsters nearby!
Vatarom's ghost breathes negative energy at you.
The bolt of negative energy hits you!
You feel drained.
Ouch! That really hurt!
* * * LOW HITPOINT WARNING * * *
Vatarom's ghost mumbles some strange words.
Read which item? (? for menu, Esc to quit)
As you read the scroll of teleportation, it crumbles to dust.
You feel strangely unstable.
Unknown command.
Vatarom's ghost casts a spell.
Your surroundings suddenly seem different.
You start resting.
Vatarom's ghost turns its malevolent gaze towards you.
There is a stone staircase leading down here.
Vatarom's ghost breathes negative energy at you.
The bolt of negative energy hits you!
You feel drained.
You die...

###### #######
.....##### ##......
.........## #######
#.......
.....###..###.....##
#....... .....#
##..........## #.####..
#.#### ###.....@...####
#.# ##. #..#
#............###.# ##..
##.#
#.........##..#..###...
#.#
#.........###..........
##.#####
#.W.......###...####.#.
.......#
#.............### #.#.
.......#
##.........##### ##.#.
.......###S....(....#
##..#.
.S.....##...........#
##...#.


You could see vatarom's ghost.

Vanquished Creatures
  A hungry ghost (D:6)
  An ogre (D:5)
  Sigmund (D:6)
  A hound (D:4)
  A centaur skeleton (D:6)
  The ghost of McCoppin the Sneak, a weakling FeMo (D:4)
  An orc priest (D:4)
  2 worker ants (D:5)
  2 orc wizards (D:5)
  A hound skeleton (D:4)
  6 adders
  A giant mite (D:2)
  2 worms (D:2)
  2 giant geckos
  2 oozes
  14 orcs
  A bat zombie (D:5)
  4 giant cockroaches
  10 goblins
  9 hobgoblins
  2 jackals (D:3)
  A quokka (D:6)
  5 ball pythons (D:5)
  11 bats
  A giant gecko skeleton (D:4)
  5 giant newts
  6 kobolds
  5 rats
99 creatures vanquished.

Vanquished Creatures (others)
  A centaur (D:5)
  8 jellies (D:5)
  A crimson imp (D:5)
  A hound (D:5)
  2 adders (D:5)
  A shadow imp (D:5)
  A hobgoblin (D:5)
  A quokka (D:5)
  7 ball pythons (D:5)
  A giant gecko skeleton (D:5)
  2 rats
26 creatures vanquished.

Grand Total: 125 creatures vanquished

Notes
Turn   | Place    | Note
--------------------------------------------------------------
     0 | D:1      | vatarom, the Draconian Transmuter, began the quest for the Orb.
     0 | D:1      | Reached XP level 1. HP: 16/16 MP: 3/3
   251 | D:1      | Reached XP level 2. HP: 24/24 MP: 2/4
   255 | D:1      | Learned a level 2 spell: Sticks to Snakes
   820 | D:2      | Gained mutation: You have a pair of small horns on your head. [potion of mutation]
   820 | D:2      | Lost mutation: You have a pair of small horns on your head. [potion of mutation]
   820 | D:2      | Gained mutation: You can spit poison. [potion of mutation]
   960 | D:2      | Reached XP level 3. HP: 11/31 MP: 1/6
  1096 | D:2      | Learned a level 3 spell: Spider Form
  1494 | D:2      | Reached XP level 4. HP: 38/38 MP: 7/7
  1612 | D:2      | Found a sparkling altar of Nemelex Xobeh.
  1853 | D:3      | Found a shattered altar of Ashenzari.
  1931 | D:3      | Found a glowing golden altar of the Shining One.
  2031 | D:3      | Found a deep blue altar of Sif Muna.
  2317 | D:3      | Gained mutation: You have large cloven feet. [potion of mutation]
  2317 | D:3      | Gained mutation: You can spit moderately strong poison. [potion of mutation]
  2317 | D:3      | Lost mutation: You can spit moderately strong poison. [potion of mutation]
  2527 | D:4      | Reached skill level 4 in Transmutations
  2929 | D:4      | Reached XP level 5. HP: 36/45 MP: 1/9
  3012 | D:4      | Found a staircase to the Ecumenical Temple.
  3023 | Temple   | Entered the Ecumenical Temple
  3029 | Temple   | Became a worshipper of Jiyva Juidos the Shapeless
  3091 | D:4      | Found an opulent altar of Gozag.
  3092 | D:4      | Found a sparkling altar of Nemelex Xobeh.
  3093 | D:4      | Noticed McCoppin's ghost (weakling FeMo)
  3106 | D:4      | Killed McCoppin's ghost
  3843 | D:5      | Entered Level 5 of the Dungeon
  3924 | D:5      | Reached XP level 6. HP: 44/51 MP: 10/10
  3926 | D:5      | Acquired Jiyva's first power
  3990 | D:5      | Found an ancient bone altar of Kikubaaqudgha.
  4081 | D:5      | Acquired Jiyva's second power
  4172 | D:5      | Learned a level 4 spell: Ice Form
  4202 | D:5      | Found a white marble altar of Elyvilon.
  4367 | D:5      | Killed a centaur
  4544 | D:5      | Noticed vatarom's ghost (experienced DrTm)
  4578 | D:6      | Noticed Sigmund
  4578 | D:6      | Noticed a hungry ghost
  4890 | D:6      | Killed a hungry ghost
  4890 | D:6      | Your scales start taking on a fiery red colour.
  4890 | D:6      | Gained mutation: Your flesh is heat resistant. [draconian maturity]
  4890 | D:6      | Reached XP level 7. HP: 52/57 MP: 16/18
  4914 | D:6      | Killed Sigmund
  4914 | D:6      | Reached skill level 5 in Spellcasting
  5256 | D:5      | Killed from afar by vatarom's ghost

Action                   |  1- 3 |  4- 6 |  7- 9 || total
-------------------------+-------+-------+-------++-------
Melee: Unarmed           |   117 |   349 |    27 ||   493
 Cast: Beastly Appendage |    11 |     6 |     2 ||    19
       Sticks to Snakes  |     2 |     2 |       ||     4
       Spider Form       |     1 |     9 |     1 ||    11
 Abil: Spit Poison       |     6 |       |     1 ||     7
  Use: Scroll            |     7 |     4 |     2 ||    13
       Potion            |     5 |     8 |     2 ||    15
 Stab: Sleeping          |     2 |       |       ||     2
       Invisible         |     1 |       |       ||     1
  Eat: Bread ration      |     2 |     3 |       ||     5
       Chunk             |     1 |       |       ||     1
